 Dungeon Crawl Stone Soup version 0.19.0-20-gbc5f0c6 (webtiles) character file.

154 Gargoyl the Skirmisher (level 5, -1/63 HPs)
             Began as a Demonspawn Abyssal Knight on Nov 18, 2016.
             Was a Believer of Lugonu.
             Slain by an ogre
             ... wielding a +0 giant club
              (14 damage)
             ... on level 2 of the Dungeon.
             The game lasted 00:05:13 (2804 turns).

Gargoyl the Skirmisher (Demonspawn Abyssal Knight)  Turns: 2804, Time: 00:05:14

Health: -1/63      AC: 22    Str: 14    XL:     5   Next: 13%
Magic:  7/7        EV:  2    Int: 13    God:    Lugonu [**....]
Gold:   101        SH:  0    Dex: 17    Spells: 0 memorised, 4 levels left

rFire  . . .     SeeInvis .     a - +2 hand axe
rCold  . . .     Gourm    .     (armour currently unavailable)
rNeg   + + +     Faith    .     (no shield)
rPois  +         Spirit   .     (helmet currently unavailable)
rElec  .         Reflect  .     (cloak currently unavailable)
rCorr  .         Harm     .     (gloves currently unavailable)
MR     .....     NoTele   +     (boots currently unavailable)
Stlth  +++.......               (no amulet)
                                (no ring)
                                (no ring)

@: agile, tree-form
A: (horns 0), (spiny 0), (sturdy frame 0)
a: Depart the Abyss, Bend Space, Renounce Religion


You were on level 2 of the Dungeon.
You worshipped Lugonu.
Lugonu was pleased with you.
You were very hungry.
You were a tree.
You visited 1 branch of the dungeon, and saw 3 of its levels.
You visited the Abyss 1 time.

You collected 101 gold pieces.

Inventory:

Hand Weapons
 a - a +2 hand axe (weapon)
 m - a +1 whip of venom
Missiles
 n - 5 tomahawks (quivered)
Armour
 d - a +0 cloak (melded)
 f - a +0 pair of gloves (melded)
 g - a +0 chain mail (melded)
 j - a +0 pair of boots (melded)
Scrolls
 e - 4 scrolls of identify
 k - a scroll of recharging {unknown}
Potions
 l - a potion of curing
 o - a potion of cancellation {unknown}
 p - a potion of lignification
Comestibles
 b - a slice of pizza
 c - 3 bread rations
 i - a meat ration
 q - 2 fruits


   Skills:
 + Level 3.7 Fighting
 + Level 2.9 Axes
 * Level 3.0 Armour
 + Level 1.4 Dodging
 * Level 3.5 Invocations


You had 4 spell levels left.
You didn't know any spells.

Dungeon Overview and Level Annotations

Branches:
Dungeon (3/15)

Altars:
Ashenzari
The Shining One

Annotations:
D:3 Gargoyl's ghost, amateur DsAK


Innate Abilities, Weirdness & Mutations

((You have a pair of small horns on your head.))
((You are partially covered in sharp spines.))
((Your movements are slightly less encumbered by armour. (ER -2)))


Message History

You barely miss the hobgoblin.
The hobgoblin is almost dead.
The hobgoblin hits you but does no damage.
You hit the hobgoblin.
You kill the hobgoblin!
Lugonu accepts your kill. The ogre barely misses you.
You hit the ogre.
The ogre is heavily wounded.
The ogre hits you with a giant club!
* * * LOW HITPOINT WARNING * * *
You slash the ogre!
The ogre is severely wounded.
You completely miss the ogre.
The ogre is severely wounded.
The ogre completely misses you.
You barely miss the ogre.
The ogre is severely wounded.
The ogre hits you with a giant club!
You die...

############################
>..........................##
##########################..#
##### #.....##.# #...#
#.....##.###
#########...########.....#....###
...............O♣........')......
########......####.......#....###
#......# #.......#....## #......#
#....####.....# #......# #....#
#.....# #......# #....# #.....#
#......# #....# #....÷# #......#
#....# #####.# ######## #....#
#.#


You could see an ogre.

Vanquished Creatures
  Jessica (D:2)
  4 adders
  2 oozes
  A worm (D:3)
  A dart slug (D:2)
  3 leopard geckos
  11 orcs (D:3)
  A ball python (D:1)
  3 giant cockroaches
  3 goblins
  4 hobgoblins
  4 jackals (D:2)
  6 kobolds
  2 quokkas
  6 bats
  4 frilled lizards
  10 rats
66 creatures vanquished.

Notes
Turn   | Place    | Note
-------+----------+-------------------------------------------
     0 | Abyss:1  | Gargoyl the Demonspawn Abyssal Knight began the quest for the Orb.
     0 | Abyss:1  | Reached XP level 1. HP: 18/18 MP: 2/2
    76 | Abyss:1  | Noticed a hell hound
    77 | Abyss:1  | Noticed a large abomination
    81 | Abyss:1  | Noticed a wretched star
    81 | D:1      | Escaped the Abyss
   411 | D:1      | Gained mutation: You have a pair of small horns on your head. [demonic ancestry]
   411 | D:1      | Reached XP level 2. HP: 3/24 MP: 3/3
   881 | D:1      | Reached * piety under Lugonu
  1033 | D:1      | Reached skill level 1 in Dodging
  1177 | D:2      | Gained mutation: You are partially covered in sharp spines. [demonic ancestry]
  1177 | D:2      | Reached XP level 3. HP: 29/29 MP: 4/4
  1591 | D:2      | Noticed Jessica
  1600 | D:2      | Killed Jessica
  1600 | D:2      | Gained mutation: Your movements are slightly less encumbered by armour. (ER -2) [demonic ancestry]
  1600 | D:2      | Reached XP level 4. HP: 31/35 MP: 6/6
  2083 | D:3      | Found a glowing golden altar of the Shining One.
  2084 | D:3      | Found a shattered altar of Ashenzari.
  2159 | D:3      | Reached ** piety under Lugonu
  2371 | D:3      | Reached XP level 5. HP: 42/42 MP: 7/7
  2729 | D:3      | Noticed Gargoyl's ghost (amateur DsAK)
  2734 | D:3      | Noticed an ogre
  2804 | D:2      | Slain by an ogre

Skill      XL: |  1  2  3  4  5 |
---------------+----------------+-----
Armour         | 2 3 |  3.0
Axes           | 2 |  2.9
Dodging        | 1 |  1.4
Invocations    | 3 |  3.5
Fighting       | |  3.7

Action                   |  1- 3 |  4- 6 || total
-------------------------+-------+-------++-------
Melee: Hand axe          |   107 |    65 ||   172
       Headbutt          |     8 |     6 ||    14
Invok: Depart the Abyss  |     1 |       ||     1
       Bend Space        |       |     1 ||     1
  Use: Scroll            |       |    10 ||    10
       Potion            |       |     3 ||     3
  Eat: Chunk             |     2 |     3 ||     5
Armor: Leather armour    |    14 |       ||    14
       Chain mail        |    67 |    35 ||   102
       Skin              |       |     6 ||     6
Dodge: Dodged            |    56 |    16 ||    72
